 Dungeon Crawl Stone Soup version 0.31.0-11-ge490571c62 (webtiles) character file.

Game seed: 5992091628809599947

2676 Ashen the Ruffian (level 9, 0/87 (88) HPs)
             Began as a Troll Shapeshifter on Feb 1, 2024.
             Was a Follower of Wu Jian.
             Slain by Duvessa
             ... wielding a +2 short sword of freezing
              (7 damage)
             ... on level 7 of the Dungeon.
             The game lasted 00:09:36 (5098 turns).

Ashen the Ruffian (Troll Shapeshifter)              Turns: 5098, Time: 00:09:37

HP:   0/87 (88)     AC:  4    Str: 24    XL:     9   Next: 37%
MP:   8/8           EV: 11    Int:  6    God:    Wu Jian [*.....]
Gold: 416           SH:  0    Dex: 13    Spells: 8/8 levels left

rFire   . .          .
                       - Unarmed
rCold   . . .        (no shield)
rNeg    . . .        a - +0 animal skin
rPois   .            (helmet currently unavailable)
rElec   .            (cloak currently unavailable)
rCorr   .            (gloves unavailable)
SInv    .            (boots unavailable)
Will    .....        (no amulet)
Stlth   +            (no ring)
HPRegen 1.14/turn    (no ring)
MPRegen 0.11/turn

%: no passive effects
@: beast-form, lightly drained
A: beast (slay +3), large, unfitting armour, claws 3, regeneration 1, shaggy fur
1, tough skin 1
a: Begin Untransformation, Renounce Religion


You were on level 7 of the Dungeon.
You worshipped Wu Jian.
Wu Jian was aware of your devotion.
You were a hulking beast.
You visited 2 branches of the dungeon, and saw 8 of its levels.
You also visited: Sewer.

You collected 416 gold pieces.

Inventory:

Missiles
 u - a throwing net (quivered)
Armour
 a - a +0 animal skin (worn)
Jewellery
 m - the ring "Xojef" {Fire rCorr}
   (You found it on level 4 of the Dungeon)

   [ring of fire]

   Fire:      It enhances your fire magic.
   rF+:       It protects you from fire.
   rC-:       It makes you vulnerable to cold.
   rCorr:     It protects you from acid and corrosion.
 o - a ring of protection from fire
Talismans
 c - a beast talisman
 d - a flux talisman
 w - a serpent talisman
Wands
 q - a wand of flame (18)
 t - a wand of paralysis (4)
Scrolls
 h - 2 scrolls of enchant armour {unknown}
 j - a scroll of vulnerability {unknown}
 k - 6 scrolls of identify {unknown}
 n - a scroll of teleportation {unknown}
 p - 3 scrolls of noise {unknown}
 s - 2 scrolls of blinking {unknown}
 x - a scroll of immolation {unknown}
Potions
 b - a potion of curing {unknown}
 f - a potion of heal wounds
 i - a potion of invisibility {unknown}
 l - 2 potions of attraction {unknown}
 r - a potion of brilliance {unknown}
 v - a potion of degeneration {unknown}
 z - a potion of might {unknown}


   Skills:
 + Level 5.3 Fighting
 + Level 5.5 Dodging
 + Level 7.1 Unarmed Combat
 + Level 6.6 Shapeshifting


You had 8 spell levels left.
You didn't know any spells.
Your spell library contained the following spells:

 Spells                   Type           Power      Damage    Failure   Level
 Apportation              Tloc           0%         N/A       45%         1
 Necrotise                Necr           0%         1d4       45%         1
 Sting                    Conj/Alch      0%         1d3       45%         1
 Summon Small Mammal      Summ           0%         N/A       45%         1
 Tukima's Dance           Hex            0%         N/A       83%         3
 Passage of Golubria      Tloc           0%         N/A       99%         4
 Yara's Violent Unravell  Hex/Alch       0%         3d3       100%        5


Dungeon Overview and Level Annotations

Branches:
Dungeon (7/15)             Temple (1/1) D:4           Sewer (visited)

Altars:
Ashenzari
Cheibriados
Dithmenos
Elyvilon
Fedhas
Gozag
Hepliaklqana
Kikubaaqudgha
Makhleb
Nemelex Xobeh
Okawaru
Qazlal
Ru
Sif Muna
Trog
Uskayaw
Vehumet
Wu Jian
Xom
Yredelemnul
Zin
The Shining One

Annotations:
D:7 Duvessa


Innate Abilities, Weirdness & Mutations

You are a hulking beast.
Your limbs bulge with bestial killing power. (Slay +3)
You are too large for most types of armour.
You have claws for hands.
Your natural rate of healing is unusually fast.
You are covered in fur. (AC +1)
You have tough skin. (AC +1)


Message History

You scratch Dowan.
Dowan is lightly wounded.
The helpless Dowan fails to defend himself.
You mangle Dowan!!
You kill Dowan!
The Council accepts your kill.
Duvessa screams, "No!
How DARE you!"
Duvessa goes berserk!
You scratch Duvessa.
Duvessa is lightly wounded.
Duvessa hits you with a +2 short sword of freezing!
Duvessa freezes you.
Duvessa hits you with a +2 short sword of freezing!
Duvessa freezes you.
You claw Duvessa!
Duvessa is moderately wounded.
Duvessa hits you with a +2 short sword of freezing.
Duvessa freezes you.
You scratch Duvessa but do no damage.
Duvessa is moderately wounded.
Duvessa hits you with a +2 short sword of freezing.
Duvessa freezes you.
You claw Duvessa!
Duvessa is severely wounded.
Duvessa hits you with a +2 short sword of freezing!
Duvessa freezes you!
* * * LOW HITPOINT WARNING * * *
Duvessa barely misses you.
You scratch Duvessa but do no damage.
Duvessa is severely wounded.
Duvessa hits you with a +2 short sword of freezing.
* * * LOW HITPOINT WARNING * * *
Duvessa freezes you.
* * * LOW HITPOINT WARNING * * *
You claw Duvessa! Your claw misses Duvessa.
Duvessa is almost dead.
Duvessa hits you with a +2 short sword of freezing!
* * * LOW HITPOINT WARNING * * *
Duvessa freezes you!
You die...

#...............
?...##.#
#.##.#.#........
.......# #
#.#.#..####.#####.#
## #..#.#.#..#
#........#
#.###.##.# #.##.#
#.##.####.##
#....he....#
####.####..# ....
#.##.# .. #.. ##
###


You could see Duvessa (berserk).

Vanquished Creatures
  A two-headed ogre (D:5)
  Eustachio (D:5)
  A steam dragon (D:7)
  2 water moccasins
  A swamp drake (D:4)
  A sky beast (D:4)
  A black bear (D:4)
  A crocodile (Sewer)
  A centaur (D:4)
  A phantom (D:6)
  A brain worm (Sewer)
  2 bullfrogs (D:7)
  2 kobold brigands
  A scorpion (D:7)
  Dowan (D:7)
  7 hounds
  An orc priest (D:4)
  A jelly (D:4)
  Jessica (D:3)
  4 iguanas
  An orc wizard (D:5)
  A gnoll (D:4)
  10 adders
  2 ufetubi (D:5)
  An adder zombie (D:2)
  An adder skeleton (D:2)
  4 dart slugs
  2 ribbon worms
  14 orcs
  A bat zombie (D:2)
  11 endoplasms
  2 giant cockroaches (D:3)
  6 hobgoblins
  4 jackals (D:1)
  5 quokkas
  9 ball pythons
  4 ball python skeletons (D:2)
  11 bats
  3 frilled lizards
  5 goblins
  16 kobolds
  A quokka skeleton (D:2)
  6 rats
152 creatures vanquished.

Notes
Turn   | Place    | Note
-------+----------+-------------------------------------------
     0 | D:1      | Ashen the Troll Shapeshifter began the quest for the Orb.
     0 | D:1      | Reached XP level 1. HP: 18/18 MP: 0/0
    58 | D:1      | Reached skill level 1 in Fighting
   145 | D:1      | Reached XP level 2. HP: 27/27 MP: 1/1
   755 | D:2      | Reached XP level 3. HP: 33/33 MP: 2/2
  1116 | D:2      | You fall into a shaft and drop 2 floors!
  1133 | D:4      | Found an ancient bone altar of Kikubaaqudgha.
  1141 | D:4      | Reached XP level 4. HP: 42/42 MP: 3/3
  1187 | D:4      | Identified the ring "Xojef" {Fire rCorr}
  1208 | D:4      | Found a glowing drain.
  1215 | Sewer    | Entered a sewer
  1239 | Sewer    | Noticed a brain worm
  1247 | Sewer    | Killed a brain worm
  1248 | Sewer    | Reached XP level 5. HP: 43/49 MP: 2/4
  1274 | Sewer    | Noticed a crocodile
  1290 | Sewer    | Killed a crocodile
  1291 | Sewer    | Reached skill level 4 in Unarmed Combat
  1291 | Sewer    | Reached XP level 6. HP: 59/59 MP: 5/5
  1948 | D:3      | Noticed Jessica
  1951 | D:3      | Killed Jessica
  2053 | D:3      | Found a burning altar of Makhleb.
  2053 | D:3      | Noticed a blizzard demon
  2628 | D:4      | Found a staircase to the Ecumenical Temple.
  2673 | Temple   | Entered the Ecumenical Temple
  2776 | Temple   | Became a worshipper of the Wu Jian Council
  2898 | D:4      | Reached XP level 7. HP: 48/67 MP: 6/6
  3066 | D:4      | Reached skill level 5 in Unarmed Combat
  3148 | D:4      | Reached skill level 5 in Shapeshifting
  3282 | D:5      | Entered Level 5 of the Dungeon
  3341 | D:5      | Reached XP level 8. HP: 78/78 MP: 7/7
  3516 | D:5      | Reached * piety under Wu Jian
  3540 | D:5      | Noticed a two-headed ogre
  3559 | D:5      | Killed a two-headed ogre
  3560 | D:5      | Reached skill level 6 in Unarmed Combat
  3728 | D:5      | Noticed Eustachio
  3740 | D:5      | Killed Eustachio
  3741 | D:5      | Reached skill level 5 in Dodging
  4202 | D:6      | Reached XP level 9. HP: 87/87 MP: 8/8
  4843 | D:7      | Reached skill level 5 in Fighting
  5023 | D:7      | Reached skill level 7 in Unarmed Combat
  5088 | D:7      | Noticed Dowan
  5089 | D:7      | Noticed Duvessa
  5092 | D:7      | Killed Dowan
  5098 | D:7      | Slain by Duvessa

Illustrated notes

Levels and vault maps discovered:
D:1:      tarquinn_simple_flora_water_b, layout_basic
D:2:      layout_basic, serial_undead, serial_undead_a, serial_undead_b,
          serial_undead_d, serial_undead_a, serial_bayou_pond_b
D:3:      layout_basic, makhleb_altar_promises_db, uniq_jessica
D:4:      minmay_chambers_of_threes, layout_rooms, mainiacjoe_overflow_catwalk,
          minmay_temple_entry_statues_pillars,
          mainiacjoe_sewer_entry_somewhere_in_here_1, kennysheep_another_room,
          minmay_misc_feat_diagonals, cheibrodos_gnoll_hut
D:5:      layout_loops_corners, uniq_eustachio
D:6:      layout_basic, minivault_5
D:7:      cheibrodos_grave_circle, layout_loops_ring, uniq_duvessa,
          uniq_crazy_yiuf_cottage
Temple:   nicolae_temple_bog_church

Skill      XL: |  1  2  3  4  5  6  7  8  9 |
---------------+----------------------------+-----
Fighting       | 1 2 3 4 5 |  5.3
Dodging        | 2 3 4 5 |  5.5
Unarmed Combat | 4 5 6 7 |  7.1
Shapeshifting  | 4 5 6 |  6.6

Action                     |  1- 3 |  4- 6 |  7- 9 || total
---------------------------+-------+-------+-------++-------
  Melee: Unarmed           |   100 |   126 |   190 ||   416
         Punch             |       |     5 |     7 ||    12
Ability: Lunge             |       |     2 |    10 ||    12
  Evoke: Wand              |       |       |     8 ||     8
    Use: Potion            |       |     2 |     1 ||     3
   Stab: Sleeping          |       |     1 |     1 ||     2
         Paralysed         |       |       |     2 ||     2
 Armour: Animal skin       |    66 |    95 |   135 ||   296
         Skin              |       |     5 |       ||     5
  Dodge: Dodged            |    52 |    71 |    85 ||   208
